 Dungeon Crawl Stone Soup version 0.31.0-9-g3a7656b989 (webtiles) character file.

Game seed: 4874681092572583427

53 qw the Shooter (level 3, 0/20 HPs)
             Began as a Deep Elf Hunter on Feb 2, 2024.
             Slain by Sigmund
             ... wielding a +2 scythe of protection
              (9 damage)
             ... on level 2 of the Dungeon.
             The game lasted 00:00:04 (1135 turns).

qw the Shooter (Deep Elf Hunter)                    Turns: 1135, Time: 00:00:05

Health: 0/20       AC:  3    Str: 10    XL:     3   Next: 64%
Magic:  5/5        EV: 12    Int: 13    God:
Gold:   43         SH:  0    Dex: 18    Spells: 2/2 levels left

rFire   . . .        a - +0 shortbow
rCold   . . .        (shield currently unavailable)
rNeg    . . .        c - +0 leather armour
rPois   .            (no helmet)
rElec   .            (no cloak)
rCorr   .            (no gloves)
SInv    .            (no boots)
Will    .....        (no amulet)
Stlth   ++           (no ring)
HPRegen 0.23/turn    (no ring)
MPRegen 0.09/turn

%: no passive effects
@: no status effects
A: no striking features
a: no special abilities


You were on level 2 of the Dungeon.
You visited 1 branch of the dungeon, and saw 2 of its levels.

You collected 43 gold pieces.


   Skills:
 - Level 1.5 Fighting
 + Level 7.1 Ranged Weapons
 - Level 2.4 Dodging
 - Level 1.2 Stealth


You had 2 spell levels left.
You didn't know any spells.
Your spell library was empty.

Inventory:

Hand Weapons
 a - a +0 shortbow (weapon)
Armour
 c - a +0 leather armour (worn)
Wands
 h - a wand of flame (11)
Scrolls
 d - a scroll of revelation {unknown}
 e - 2 scrolls of identify
Potions
 b - a potion of curing {unknown}
 f - a potion of resistance {unknown}
 g - a potion of might {unknown}

Dungeon Overview and Level Annotations

Branches:
Dungeon (2/15)

Altars:

Shops:
D:2 [

Annotations:
D:2 Sigmund


Message History

The endoplasm quivers.
You shoot an arrow. The arrow hits the endoplasm.
The endoplasm is almost dead.
You shoot an arrow. The arrow hits the endoplasm.
You kill the endoplasm!
A hobgoblin comes into view.
Found a robe and 8 gold pieces.
The hobgoblin shouts!
You hear a shout!
A rat comes into view.
You shoot an arrow. The arrow closely misses the hobgoblin.
You shoot an arrow. The arrow hits the hobgoblin.
The hobgoblin is severely wounded.
Sigmund the Dreaded comes into view.
He is wielding a +2 scythe of protection.
1127 ||| ZAPPING wand of flame (12) at -5,-7 (Sigmund; floor).
Aiming: Throw Flame
Press: ? - help, Q - select action, (/) - cycle Shift-Dir - straight line, f - Sigmund, p - hobgoblin The puff of flame hits Sigmund.
Sigmund is lightly wounded.
You shoot an arrow.
The arrow hits the hobgoblin but does no damage.
The hobgoblin is severely wounded.
The hobgoblin hits you but does no damage.
Sigmund gestures wildly while chanting.
Sigmund flickers and vanishes!
Deactivating autopickup; reactivate with Ctrl-A.
You shoot an arrow. The arrow hits the hobgoblin.
You kill the hobgoblin!
You shoot an arrow. The arrow hits the rat.
You kill the rat!
You shoot an arrow. You shoot an arrow.
You hear some strange, mumbled words.
A puff of flame appears from out of thin air!
The puff of flame hits you!
You shoot an arrow. Something hits you.
You shoot an arrow. You shoot an arrow. Something hits you!
You die...

.....$[.. .........
........# ........#
........# .....{..#
......%.######
#@.....#
########......#
#.............+
#.######......# .
#........#
#.###....#
#........# ##
###.....###+#..
.#####..###........


There were no monsters in sight!

Vanquished Creatures
  3 dart slugs
  2 ribbon worms (D:2)
  7 ball pythons
  5 endoplasms
  A giant cockroach (D:1)
  3 goblins
  6 hobgoblins
  A quokka (D:1)
  3 bats
  3 frilled lizards
  2 kobolds
  4 rats
40 creatures vanquished.

Notes
Turn   | Place    | Note
-------+----------+-------------------------------------------
     0 | D:1      | qw the Deep Elf Hunter began the quest for the Orb.
     0 | D:1      | Reached XP level 1. HP: 12/12 MP: 3/3
     0 | D:1      | 0 ||| qw: Version: 0.3-a-155-g5e7d8dd
     0 | D:1      | 0 ||| qw: Game counter: 523
     0 | D:1      | 0 ||| qw: Melee chars always use a shield: true
     0 | D:1      | 0 ||| qw: God list: Okawaru
     0 | D:1      | 0 ||| qw: Allow faded altars: false
     0 | D:1      | 0 ||| qw: Do Orc after clearing Dungeon:15 true
     0 | D:1      | 0 ||| qw: Do second Lair branch before Depths: true
     0 | D:1      | 0 ||| qw: Lair rune preference: random
     0 | D:1      | 0 ||| qw: Goals: Normal
     0 | D:1      | 0 ||| PLANNING D:1-11
   199 | D:1      | Reached skill level 6 in Ranged Weapons
   199 | D:1      | Reached XP level 2. HP: 16/16 MP: 4/4
   727 | D:1      | 727 ||| READING scroll labelled LIUSHYRPH TESICEIKO.
   731 | D:1      | 731 ||| READING 4 scrolls labelled OCUZUM KAECHIE.
   731 | D:1      | 731 ||| IDENTIFYING scroll labelled DAULOPR MYATUACZUC
   732 | D:1      | 732 ||| READING 3 scrolls of identify.
   732 | D:1      | 732 ||| IDENTIFYING scroll labelled TEACZAEFOUM
   733 | D:1      | 733 ||| DROPPING scroll of butterflies.
   734 | D:1      | 734 ||| DROPPING scroll of noise.
   735 | D:1      | 735 ||| DROPPING scroll of blinking.
   887 | D:2      | Reached XP level 3. HP: 20/20 MP: 5/5
  1025 | D:2      | Found Omui's Antique Armour Boutique.
  1036 | D:2      | 1036 ||| SHOPLISTING pair of gloves (76 gold, have 34).
  1036 | D:2      | 1036 ||| SHOPLISTING runed ring mail (119 gold, have 34).
  1036 | D:2      | 1036 ||| SHOPLISTING scale mail (68 gold, have 34).
  1045 | D:2      | Reached skill level 7 in Ranged Weapons
  1126 | D:2      | Noticed Sigmund
  1127 | D:2      | 1127 ||| ZAPPING wand of flame (12) at -5,-7 (Sigmund;
                  | floor).
  1135 | D:2      | Slain by Sigmund

Levels and vault maps discovered:
D:1:      scummos_arrival_forest, layout_basic, serial_bayou,
          serial_bayou_crossing, serial_bayou_pond_e, serial_bayou_shore_a,
          serial_bayou_lagoon_a
D:2:      layout_basic, serial_shops, shop,
          shapermc_ecumenical_altar_mp_urbaneastern, kennysheep_another_room,
          minmay_misc_feat_columns, uniq_natasha, uniq_sigmund

Skill      XL: |  1  2  3 |
---------------+----------+-----
Ranged Weapons | 6 7 |  7.1
Fighting       | |  1.5
Dodging        | |  2.4
Stealth        | |  1.2

Action                     || total
---------------------------++-------
   Fire: Shortbow          ||    95
  Evoke: Wand              ||     1
    Use: Scroll            ||     3
 Armour: Leather armour    ||     6
  Dodge: Dodged            ||     4

Table legend:
 A = Non-vault XP
 B = Vault XP
 C = Vault XP percentage of total XP
 D = Non-vault monster count
 E = Vault monster count
 F = Vault count percentage of total count
                 A         B        C        D         E       F
            +---------+---------+-------+---------+---------+-------
      Total |      77 |       0 |   0.0 |      40 |       0 |   0.0
            +---------+---------+-------+---------+---------+-------
        D:1 |      32 |       0 |   0.0 |      19 |       0 |   0.0
        D:2 |      45 |       0 |   0.0 |      21 |       0 |   0.0
            +---------+---------+-------+---------+---------+-------
